 Dungeon Sprint DCSS version 0.27.1 (webtiles) character file.

Game seed: 11307043029149440514

29 MacCMillion the Grappler (level 5, -2/54 HPs)
             Began as a Troll Monk on Aug 28, 2021.
             Was an Elder of Makhleb.
             Slain by a wyvern (16 damage)
             ... in the Dungeon (Sprint VI: "Thunderdome").
             The game lasted 00:02:49 (257 turns).

MacCMillion the Grappler (Troll Monk)                Turns: 257, Time: 00:02:49

Health: -2/54      AC:  4    Str: 20    XL:     5   Next: 7%
Magic:  7/7        EV:  6    Int:  6    God:    Makhleb [****..]
Gold:   222        SH:  0    Dex: 12    Spells: 4/4 levels left

rFire    . . .     SeeInvis .     - Unarmed
rCold    . . .     Faith    .   (no shield)
rNeg     . . .     Spirit   .   a - +0 robe
rPois    .         Reflect  .   (helmet restricted)
rElec    .         Harm     .   (no cloak)
rCorr    .         Rampage  .   (gloves unavailable)
Will     .....     NoTele   +   (boots unavailable)
Stlth    ++........             (no amulet)
HPRegen  1.18/turn              (no ring)
MPRegen  0.10/turn              (no ring)

@: held
A: large, unfitting armour, claws 3, regeneration 1, shaggy fur 1, tough skin 1
a: Renounce Religion, Minor Destruction, Lesser Servant of Makhleb, Major
Destruction


You were in the Dungeon.
You worshipped Makhleb.
Makhleb was greatly pleased with you.
You visited 1 branch You collected 250 gold pieces.
You spent 28 gold pieces at shops.

Inventory:

Armour
 a - a +0 robe (worn)
Wands
 i - a wand of acid (5)
 j - a wand of iceblast (5)
Scrolls
 g - 4 scrolls of blinking
 k - 3 scrolls of fog
Potions
 b - a potion of curing
 c - 4 potions of heal wounds
 d - 4 potions of haste
 e - 2 potions of magic
 f - a potion of berserk rage
 h - a potion of resistance
 l - a potion of might


   Skills:
 - Level 3.7 Fighting
 - Level 3.9 Dodging
 - Level 1.2 Stealth
 + Level 8.0 Unarmed Combat
 - Level 4.0 Invocations


You had 4 spell levels left.
You didn't know any spells.
Your spell library was empty.

Dungeon Overview and Level Annotations

Branches:
Dungeon (1/1)

Altars:
Cheibriados
Dithmenos
Fedhas
Gozag
Kikubaaqudgha
Makhleb
Okawaru
Qazlal
Ru
Sif Muna
Trog
Uskayaw
Vehumet
Wu Jian
Xom
Yredelemnul
Zin
The Shining One
Beogh
Jiyva
Lugonu

Shops:
D *[??*?*:[((!!!!


Innate Abilities, Weirdness & Mutations

You are too large for most types of armour.
You have claws for hands.
Your natural rate of healing is unusually fast.
You are covered in fur. (AC +1)
You have tough skin. (AC +1)


Message History

Makhleb accepts your kill.
Victory!
Score multiplier: 2x You now have 29 arena points (gained 24).
Your Unarmed Combat skill increases to level 8!
Magic restored.
You now have 222 gold pieces (gained 40).
There is an opulent altar of Gozag here.
There is a snail-covered altar of Cheibriados here.
There is a snail-covered altar of Cheibriados here.
There is an opulent altar of Gozag here.
Done exploring.
Done exploring.
You start waiting.
Get ready!
ROUND 3!
FIGHT!
LIGHTNING ROUND!
You sense a tension in the east.
A merfolk comes into view. It is wielding a +0 trident.
The merfolk shouts!
A wyvern, a merfolk and 2 centaurs come into view.
The centaur shouts!
The centaur wields a +0 shortbow.
The centaur shoots an arrow.
The arrow hits you!
The merfolk throws a throwing net.
The throwing net hits you.
You become entangled in the net!
A merfolk comes into view. It is wielding a +0 trident.
You see here a throwing net.
You struggle against the net.
The merfolk shouts!
The centaur shouts!
The wyvern hisses angrily.
The centaur wields a +0 shortbow.
The centaur shoots an arrow.
The arrow hits you!
A demon appears!
The centaur shoots an arrow.
The arrow hits you.
The centaur shoots an arrow.
The arrow hits you.
The centaur shoots an arrow.
The arrow hits you!
* * * LOW HITPOINT WARNING * * *
The centaur shoots an arrow.
The arrow hits you.
* * * LOW HITPOINT WARNING * * *
You feel much better.
The centaur shoots an arrow.
The arrow hits you!
* * * LOW HITPOINT WARNING * * *
The wyvern bites you!
You die...

#_......._# #........_#
###.........###
#⌠...........§#
##.8.........8.######
_......###...cm.___∩##
.....8.# #.8........∩###
.......###......l4.....##
....###...###...@...mc.⌠#
....# #.<.# #..........§#
....###...###..........§#
.......###.............##
.....8.# #.8........∩###
.......###.....m___∩##
##.8.........8.######
#⌠...........§#
###[........###


You could see 3 merfolk, a wyvern (ally target), 2 centaurs and a friendly
orange demon (summoned).

Vanquished Creatures
  A crimson imp (D)
  A quasit (D)
  An iron imp (D)
  Jessica (D)
  An adder (D)
  A shadow imp (D)
  An ufetubus (D)
  A ball python (D)
  A bat (D)
9 creatures vanquished.

Notes
Turn   | Place    | Note
-------+----------+-------------------------------------------
     0 | D        | MacCMillion the Troll Monk began the quest for the Orb.
     0 | D        | Reached XP level 1. HP: 22/22 MP: 0/0
     1 | D        | Found a burning altar of Makhleb.
     1 | D        | Found an opulent altar of Gozag.
     2 | D        | Found a glowing silver altar of Zin.
     2 | D        | Found a snail-covered altar of Cheibriados.
     3 | D        | Found a shadowy altar of Dithmenos.
     3 | D        | Found a shimmering blue altar of Sif Muna.
     4 | D        | Found a viscous altar of Jiyva.
     4 | D        | Found Kikali Rint's Staff Store.
     4 | D        | Found Kirghe Byoca's Magic Scroll Shop.
     5 | D        | Found a basalt altar of Yredelemnul.
     5 | D        | Found Kenlal's Must-Have Magic.
     5 | D        | Found Jusa's Magic Scroll Shop.
     5 | D        | Round 1.
    27 | D        | Found a corrupted altar of Lugonu.
    28 | D        | Found an iron altar of Okawaru.
    37 | D        | Found Urchu's Distillery.
    37 | D        | Found Qifyom's Distillery.
    38 | D        | Found Myhapp's Bottled Wisdom.
    40 | D        | Became a worshipper of Makhleb the Destroyer
    40 | D        | Reached * piety under Makhleb
    40 | D        | Reached ** piety under Makhleb
    42 | D        | Found an ornate altar of the Wu Jian Council.
    42 | D        | Found an ancient bone altar of Kikubaaqudgha.
    42 | D        | Found a stormy altar of Qazlal.
    42 | D        | Found Fiaptaf's Do-It-Yourself Clinic.
    46 | D        | Bought a potion of might for 28 gold pieces
    56 | D        | Found a sacrificial altar of Ru.
    60 | D        | Found a hide-covered altar of Uskayaw.
    60 | D        | Found a radiant altar of Vehumet.
    60 | D        | Found Qafyeghi's Weapon Rack.
    60 | D        | Found Qukk's Basic Armour.
    61 | D        | Found Xeunizom's Miscellaneous Merchandise.
    67 | D        | Found Kaogesiph's Premium Goods.
    67 | D        | Found a bloodstained altar of Trog.
    67 | D        | Found a glowing golden altar of the Shining One.
    76 | D        | Noticed Jessica
    80 | D        | Killed Jessica
    81 | D        | Reached skill level 4 in Unarmed Combat
    81 | D        | Reached XP level 2. HP: 31/31 MP: 1/1
    83 | D        | Noticed Sigmund
    91 | D        | Reached XP level 3. HP: 39/39 MP: 2/2
    94 | D        | Found a shimmering altar of Xom.
    94 | D        | Found a blossoming altar of Fedhas.
    97 | D        | Found Unkik's Identification Station.
    97 | D        | Found Sove's Advanced Armour.
    98 | D        | Found Ruwizif's Jewellery.
   125 | D        | Arena points: 5 (+5) [x1]
   127 | D        | Found Qukk's Basic Armour.
   127 | D        | Found Xeunizom's Miscellaneous Merchandise.
   139 | D        | Found a shimmering altar of Xom.
   139 | D        | Found a blossoming altar of Fedhas.
   139 | D        | Found Unkik's Identification Station.
   139 | D        | Found Sove's Advanced Armour.
   140 | D        | Found Ruwizif's Jewellery.
   140 | D        | Round 2.
   146 | D        | Found an iron altar of Okawaru.
   146 | D        | Found a corrupted altar of Lugonu.
   157 | D        | Reached *** piety under Makhleb
   158 | D        | Reached skill level 5 in Unarmed Combat
   160 | D        | Reached skill level 6 in Unarmed Combat
   160 | D        | Reached XP level 4. HP: 48/48 MP: 2/5
   168 | D        | Found a viscous altar of Jiyva.
   168 | D        | Found a shimmering blue altar of Sif Muna.
   168 | D        | Found Kirghe Byoca's Magic Scroll Shop.
   168 | D        | Found Jusa's Magic Scroll Shop.
   169 | D        | Found Kenlal's Must-Have Magic.
   170 | D        | Found an opulent altar of Gozag.
   170 | D        | Found a snail-covered altar of Cheibriados.
   170 | D        | Found a shadowy altar of Dithmenos.
   170 | D        | Found Kikali Rint's Staff Store.
   179 | D        | Reached **** piety under Makhleb
   180 | D        | Reached skill level 7 in Unarmed Combat
   180 | D        | Reached XP level 5. HP: 52/54 MP: 3/7
   193 | D        | Arena points: 29 (+24) [x2]
   194 | D        | Reached skill level 8 in Unarmed Combat
   220 | D        | Found a burning altar of Makhleb.
   221 | D        | Found a glowing silver altar of Zin.
   222 | D        | Found a basalt altar of Yredelemnul.
   222 | D        | Found a stormy altar of Qazlal.
   223 | D        | Found Urchu's Distillery.
   223 | D        | Found Fiaptaf's Do-It-Yourself Clinic.
   224 | D        | Found Qifyom's Distillery.
   224 | D        | Found Myhapp's Bottled Wisdom.
   253 | D        | Round 3.
   253 | D        | Noticed a merfolk
   254 | D        | Noticed a wyvern
   254 | D        | Noticed a merfolk
   254 | D        | Noticed a centaur
   254 | D        | Noticed a centaur
   255 | D        | Noticed a merfolk
   257 | D        | Slain by a wyvern

Illustrated notes

Levels and vault maps discovered:
D:        arena_sprint

Skill      XL: |  1  2  3  4  5 |
---------------+----------------+-----
Fighting       | 3 |  3.7
Dodging        | 3 |  3.9
Unarmed Combat | 4 6 7 8 |  8.0
Invocations    | 3 4 |  4.0
Stealth        | |  1.2

Action                   |  1- 3 |  4- 6 || total
-------------------------+-------+-------++-------
Melee: Unarmed           |    13 |    13 ||    26
       Punch             |       |     1 ||     1
Invok: Lesser Servant of |       |     1 ||     1
  Use: Potion            |       |     1 ||     1
Armor: Robe              |     6 |     4 ||    10
Dodge: Dodged            |     6 |     2 ||     8
